 Dungeon Crawl Stone Soup version 0.24-a0-123-ga2403f3 (console) character file.

Game seed: 15890345459136637145

287 Duffy the Chopper (level 6, -5/52 HPs)
             Began as a Naga Gladiator on Feb 22, 2019.
             Slain by a gnoll
             ... wielding a +0 halberd
              (9 damage)
             ... on level 3 of the Dungeon.
             The game lasted 00:01:37 (2670 turns).

Duffy the Chopper (Naga Gladiator)                  Turns: 2670, Time: 00:01:38

Health: -5/52      AC:  4    Str: 16    XL:     6   Next: 30%
Magic:  6/6        EV: 10    Int: 10    God:
Gold:   107        SH:  0    Dex: 13    Spells: 5/5 levels left

rFire    . . .     SeeInvis +   a - +0 war axe
rCold    . . .     Gourm    .   (no shield)
rNeg     . . .     Faith    .   b - +0 leather armour
rPois    +         Spirit   .   c - +0 helmet
rElec    .         Reflect  .   (no cloak)
rCorr    .         Harm     .   (no gloves)
MR       .....                  (no barding)
Stlth    +.........             (no amulet)
HPRegen  0.17/turn              (no ring)
MPRegen  0.10/turn              (no ring)

@: short of breath, very slow
A: large, see invisible, deformed body, poison resistance, slowness 2, slow
metabolism 1, spit poison 1, AC +2
a: Spit Poison


You were on level 3 of the Dungeon.
You were not hungry.

You visited 1 branch of the dungeon, and saw 3 of its levels.

You collected 107 gold pieces.

Inventory:

Hand Weapons
 a - a +0 war axe (weapon)
Missiles
 d - 2 throwing nets (quivered)
Armour
 b - a +0 leather armour (worn)
 c - a +0 helmet (worn)
 m - a +0 scale mail
Scrolls
 e - a scroll of teleportation {unknown}
 g - 2 scrolls of remove curse {unknown}
 h - a scroll of blinking {unknown}
 i - 2 scrolls of amnesia {unknown}
 j - a scroll of identify {unknown}
Potions
 k - 3 potions of curing {unknown}
 l - a potion of degeneration {unknown}
Comestibles
 f - 3 rations


   Skills:
 - Level 2.0 Fighting
 + Level 6.9 Axes
 - Level 1.7 Throwing
 - Level 2.4 Dodging


You had 5 spell levels left.
You didn't know any spells.
Your spell library was empty.

Dungeon Overview and Level Annotations

Branches:
Dungeon (3/15)

Altars:
Nemelex Xobeh


Innate Abilities, Weirdness & Mutations

You cannot wear boots.
Your serpentine skin is tough. (AC +2)
You have supernaturally acute eyesight. (SInv)
Armour fits poorly on your strangely shaped body.
Your system is resistant to poisons. (rPois)
You cover ground very slowly.
You have a slow metabolism.
You can spit poison.


Message History

You slash the gnoll!
The gnoll is heavily wounded.
You barely miss the gnoll. The gnoll closely misses you.
The gnoll hits you with a +0 halberd.
Press: ? - help, Shift-Dir - straight line, f - gnoll
Aim: a gnoll, wielding a +0 club (severely wounded)
The splash of poison misses the gnoll.
You feel slightly more hungry.
The gnoll hits you with a cursed +0 club.
The gnoll barely misses you.
You hit the gnoll.
The gnoll is severely wounded.
You hit the gnoll. The gnoll completely misses you.
The gnoll hits you with a cursed +0 club!
The gnoll barely misses you.
You hit the gnoll but do no damage.
The gnoll is severely wounded.
You hit the gnoll but do no damage.
The gnoll hits you from afar with a +0 spear.
The gnoll hits you but does no damage. The gnoll hits you with a +0 halberd!
You die...

.. ... ##.### # ....# ##.#
#.#.# .#....####g#.#
####### .........gg..#
#.....#
......##.@...#######.....#
.##.# ##....)...........#
# ##.#.#######.....#
.....# #.....# ###.###
###.### #+# #.# #.# ###.#
##.#.###


You could see 3 gnolls.

Vanquished Creatures
  A hippogriff (D:2)
  5 adders (D:2)
  An ooze (D:2)
  2 worms
  4 dart slugs
  4 leopard geckos
  A giant cockroach (D:1)
  3 goblins (D:2)
  9 hobgoblins
  8 bats
  A frilled lizard (D:1)
  5 kobolds
  8 rats
52 creatures vanquished.

Notes
Turn   | Place    | Note
-------+----------+-------------------------------------------
     0 | D:1      | Duffy the Naga Gladiator began the quest for the Orb.
     0 | D:1      | Reached XP level 1. HP: 19/19 MP: 1/1
   231 | D:1      | Reached XP level 2. HP: 4/26 MP: 2/2
   621 | D:1      | Found a sparkling altar of Nemelex Xobeh.
   777 | D:1      | Reached skill level 4 in Axes
   793 | D:1      | Reached XP level 3. HP: 2/32 MP: 3/3
   799 | D:1      | HP: 1/32 [bat (1)]
  1217 | D:1      | You fall through a shaft!
  1235 | D:2      | Reached XP level 4. HP: 8/39 MP: 4/4
  1519 | D:2      | Reached skill level 5 in Axes
  2014 | D:2      | Noticed a hippogriff
  2025 | D:2      | Killed a hippogriff
  2025 | D:2      | Reached skill level 6 in Axes
  2025 | D:2      | Reached XP level 5. HP: 4/45 MP: 5/5
  2025 | D:2      | Reached XP level 6. HP: 5/52 MP: 6/6
  2670 | D:3      | Slain by a gnoll

Levels and vault maps discovered:
D:1:      evilmike_arrival_crescent, layout_basic,
          nemelex_xobeh_ov_fountains_minmay
D:2:      layout_rooms
D:3:      layout_loops_corners

Skill      XL: |  1  2  3  4 |
---------------+-------------+-----
Axes           | 4 6 |  6.9
Fighting       | |  2.0
Throwing       | |  1.7
Dodging        | |  2.4

Action                   |  1- 3 |  4- 6 || total
-------------------------+-------+-------++-------
Melee: War axe           |    76 |    67 ||   143
Throw: Throwing net      |       |     1 ||     1
 Abil: Spit Poison       |     4 |     4 ||     8
 Stab: Sleeping          |     1 |       ||     1
       Held in net/web   |       |     1 ||     1
  Eat: Chunk             |       |     4 ||     4
Armor: Leather armour    |    31 |    19 ||    50
Dodge: Dodged            |    59 |    47 ||   106

Table legend:
 A = Non-vault XP
 B = Vault XP
 C = Vault XP percentage of total XP
 D = Non-vault monster count
 E = Vault monster count
 F = Vault count percentage of total count
                 A         B        C        D         E       F
            +---------+---------+-------+---------+---------+-------
      Total |     410 |       0 |   0.0 |      52 |       0 |   0.0
            +---------+---------+-------+---------+---------+-------
        D:1 |      41 |       0 |   0.0 |      23 |       0 |   0.0
        D:2 |     362 |       0 |   0.0 |      27 |       0 |   0.0
        D:3 |       7 |       0 |   0.0 |       2 |       0 |   0.0
            +---------+---------+-------+---------+---------+-------
